 Seeded DCSS version 0.26.1-12-g5ba1501909 (webtiles) character file.

Game seed: 16028976353715727109 (custom seed)

595 karrick the Shield-Bearer (level 7, 43/43 HPs)
             Began as a Gargoyle Fighter on Dec 11, 2021.
             Quit the game on level 4 of the Dungeon.
             The game lasted 00:07:03 (3242 turns).

karrick the Shield-Bearer (Gargoyle Fighter)        Turns: 3242, Time: 00:07:03

Health: 43/43      AC: 16    Str: 20    XL:     7   Next: 40%
Magic:  7/7        EV:  9    Int: 14    God:
Gold:   173        SH: 10    Dex: 11    Spells: 6/6 levels left

rFire    . . .     SeeInvis .   f - +4 whip
rCold    . . .     Faith    +   c - +0 kite shield
rNeg     + . .     Spirit   .   b - +0 scale mail
rPois    ∞         Reflect  .   k - +2 helmet
rElec    +         Harm     .   l - +0 cloak
rCorr    .         Rampage  .   (no gloves)
Will     .....                  (no boots)
Stlth    ..........             u - amulet of faith
HPRegen  0.14/turn              t - +6 ring of intelligence
MPRegen  0.10/turn              (no ring)

@: no status effects
A: negative energy resistance 1, electricity resistance, unbreathing,
petrification resistance, miasma immunity, AC +4
a: no special abilities


You were on level 4 of the Dungeon.
You visited 1 branch of the dungeon, and saw 4 of its levels.
You also visited: Sewer.

You collected 173 gold pieces.

Inventory:

Hand Weapons
 a - a +0 flail
 f - a +4 whip (weapon)
Armour
 b - a +0 scale mail (worn)
 c - a +0 kite shield (worn)
 k - a +2 helmet (worn)
 l - a +0 cloak (worn)
Jewellery
 t - a +6 ring of intelligence (left hand)
 u - an amulet of faith (around neck)
 v - an uncursed ring of stealth {unknown}
 x - a cursed amulet of inaccuracy {unknown}
 y - an uncursed ring of fire {unknown}
Scrolls
 e - a scroll of magic mapping {unknown}
 i - 5 scrolls of identify {unknown}
 j - a scroll of immolation {unknown}
 m - a scroll of blinking {unknown}
 p - a scroll of remove curse {unknown}
 q - a scroll of fear {unknown}
 r - a scroll of noise {unknown}
 z - a scroll of teleportation {unknown}
Potions
 d - 4 potions of might
 g - a potion of resistance {unknown}
 h - 9 potions of curing {unknown}
 n - 9 potions of heal wounds {unknown}
 o - 2 potions of invisibility {unknown}
 s - a potion of mutation {unknown}
 w - 3 potions of attraction {unknown}
 A - a potion of brilliance {unknown}


   Skills:
 + Level 4.2 Fighting
 + Level 4.2 Maces & Flails
 + Level 4.6 Armour
 + Level 2.5 Dodging
 + Level 0.2 Stealth
 + Level 5.7 Shields


You had 6 spell levels left.
You didn't know any spells.
Your spell library was empty.

Dungeon Overview and Level Annotations

Branches:
Dungeon (4/15)              Sewer (visited)
 Temple: D:4-7

Altars:
Hepliaklqana
Trog

Shops:
D:4 !

Annotations:
D:4 Edmund


Innate Abilities, Weirdness & Mutations

You are resistant to torment.
Your stone body is resilient. (AC +4)
You are immune to poison.
You resist negative energy. (rN+)
You are resistant to electric shocks. (rElec)
You can survive without breathing.
You are immune to petrification.
You are immune to miasma.


Message History

You block the quokka's attack.
The jackal bites you but does no damage.
There is a collapsed entrance here.
Unknown command.
Unknown command.
Unknown command.
The jackal closely misses you. You block the quokka's attack.
The jackal bites you but does no damage.
The jackal closely misses you.
The jackal bites you but does no damage.
The jackal barely misses you. The quokka closely misses you.
You block the jackal's attack.
The quokka bites you but does no damage.
The jackal stops to sniff the ground.
You block the jackal's attack.
Edmund says, "Everyone always remembers my brother. 'Who's Edmund?' they ask!"
The jackal bites you but does no damage.
An adder comes into view.
There is a stone staircase leading up here.
Are you sure you want to abandon this character and quit the game? (Confirm with "yes".)

....##........
.............#
.......S.....#..
............#..
#............#
#...........#
..##..........##
.......@........#
#.....##h.......# ..
##.#...#r#..##..#..∩
###.#.#.###......
####..#hh....##..#
##.....h..##.##...#
....#.........≈...# ..
.....#...#≈≈.≈≈##?##..
#.........≈≈.≈≈##.....


You could see an adder, a quokka and 3 jackals.

Vanquished Creatures
  4 big kobolds (Sewer)
  Natasha (thrice) (D:3)
  A worker ant (D:4)
  Robin (D:2)
  3 gnolls (D:2)
  4 adders
  3 oozes
  2 worms (D:3)
  2 dart slugs
  5 orcs (D:3)
  4 giant cockroaches
  15 goblins
  17 hobgoblins
  4 jackals (D:1)
  21 kobolds
  2 quokkas
  3 ball pythons
  10 bats
  6 frilled lizards
  9 rats
119 creatures vanquished.

Notes
Turn   | Place    | Note
-------+----------+-------------------------------------------
     0 | D:1      | karrick the Gargoyle Fighter began the quest for the Orb.
     0 | D:1      | Reached XP level 1. HP: 14/14 MP: 1/1
   154 | D:1      | Reached XP level 2. HP: 11/19 MP: 2/2
   539 | D:1      | Reached XP level 3. HP: 23/24 MP: 3/3
  1006 | D:2      | Noticed Robin
  1036 | D:2      | Reached skill level 4 in Shields
  1038 | D:2      | Reached XP level 4. HP: 29/29 MP: 4/4
  1046 | D:2      | Killed Robin
  1238 | D:2      | Reached skill level 1 in Dodging
  1434 | D:2      | Reached XP level 5. HP: 32/33 MP: 5/5
  2111 | D:3      | Noticed Natasha
  2119 | D:3      | Killed Natasha
  2208 | D:3      | Noticed Natasha
  2217 | D:3      | Killed Natasha
  2251 | D:3      | Noticed Natasha
  2261 | D:3      | Killed Natasha
  2262 | D:3      | Reached XP level 6. HP: 30/38 MP: 6/6
  2482 | D:3      | Found a bloodstained altar of Trog.
  2712 | D:4      | Noticed Edmund
  2720 | D:4      | Found a glowing drain.
  2739 | D:4      | Found Bettaut's Distillery.
  2758 | D:4      | Found a hazy altar of Hepliaklqana.
  2787 | Sewer    | Entered a sewer
  3001 | Sewer    | Reached skill level 5 in Shields
  3001 | Sewer    | Reached XP level 7. HP: 43/43 MP: 7/7
  3242 | D:4      | Quit the game

Illustrated notes

Levels and vault maps discovered:
D:1:      heliophobic_arrival_battle_scene, layout_loops_ring
D:2:      layout_loops_ring, uniq_robin
D:3:      minmay_inner_zag, layout_basic, minmay_misc_feat_nine_boxes,
          chequers_serial_rivers_micro_c, trog_butcher_becter, uniq_natasha
D:4:      layout_cave_pools, kennysheep_mini, cheibrodos_sewer_entry_sluice,
          serial_shops, nicolae_shop_waterfront, shop, nicolae_shop_waterfront,
          nicolae_shop_crystal, kennysheep_mini_moat, uniq_edmund, uniq_menkaure

Skill      XL: |  1  2  3  4  5  6  7 |
---------------+----------------------+-----
Shields        | 4 5 |  5.7
Dodging        | 1 2 |  2.5
Maces & Flails | 3 4 |  4.2
Armour         | 4 |  4.6
Fighting       | 4 |  4.2
Stealth        | |  0.2

Action                   |  1- 3 |  4- 6 |  7- 9 || total
-------------------------+-------+-------+-------++-------
Melee: Flail             |    44 |       |       ||    44
       Whip              |    80 |   220 |    79 ||   379
Armor: Scale mail        |    63 |   117 |    72 ||   252
Dodge: Dodged            |    37 |    87 |    34 ||   158
Block: Kite shield       |    62 |   135 |    55 ||   252
